 Dungeon Crawl Stone Soup version 0.29.1-1-gd02db6906a (webtiles) character file.

Game seed: 5281384546920602033

291744 karrick the Peltast (level 21, 0/145 HPs)
             Began as a Gargoyle Fighter on Sept 17, 2022.
             Was a High Priest of Okawaru.
             Slain by a hell knight
             ... wielding a +4 great mace
             ... led by Margery
              (15 damage)
             ... on level 3 of the Vaults.
             The game lasted 03:11:26 (55783 turns).

karrick the Peltast (Gargoyle Fighter)             Turns: 55783, Time: 03:11:26

Health: 0/145      AC: 45    Str: 18    XL:     21   Next: 17%
Magic:  33/33      EV: 22    Int: 17    God:    Okawaru [*****.]
Gold:   2086       SH: 18    Dex: 26    Spells: 20/20 levels left

rFire   + + .      SeeInvis .   l - +6 broad axe of the End of Times {vorpal, rElec rC++}
rCold   + + .      Faith    .   c - +1 buckler {AC+3}
rNeg    + . .      Spirit   .   S - +2 ring mail {Will+}
rPois   ∞          Reflect  +   R - +2 helmet {Int+3}
rElec   +          Harm     .   p - +1 cloak of the Pits of Slime {rCorr}
rCorr   +          Rampage  +   r - +2 pair of gloves of the Heron {rPois rF++ Str-2 Stlth+}
Will    ++++.                   g - +3 pair of boots of Moral Flaws {Rampage Will+}
Stlth   ++++++....              d - amulet of reflection
HPRegen 0.34/turn               i - +6 ring of dexterity
MPRegen 0.23/turn               v - ring of Xodunopn {Will+ rCorr Int+4 Dex+3}

@: heroic, flying, studying 3 skills
A: sickness immunity, AC +16, big wings, negative energy resistance 1,
electricity resistance, torment resistance 1, petrification resistance, weak 1,
inability to drink after injury 1
}: 1/15 runes: gossamer
a: Renounce Religion, Heroism, Finesse, Duel


You were on level 3 of the Vaults.
You worshipped Okawaru.
Okawaru was extremely pleased with you.
You visited 8 branches of the dungeon, and saw 34 of its levels.
You visited 1 bazaar.
You also visited: Sewer and Bailey.

You collected 3606 gold pieces.
You spent 1520 gold pieces at shops.

Inventory:

Hand Weapons
 l - the +6 broad axe of the End of Times (weapon) {vorpal, rElec rC++}
   (You found it on level 10 of the Dungeon)

   It inflicts extra damage upon your enemies.
   rC:        It greatly protects you from cold.
   rElec:     It insulates you from electricity.
 o - the +6 flail "Zoeluone" {pain, rF++ Str+6 SInv}
   (Okawaru gifted it to you on level 1 of the Lair of Beasts)

   In the hands of one skilled in necromantic magic, it inflicts extra damage on
   living creatures.
   Str:       It affects your strength (+6).
   rF:        It greatly protects you from fire.
   SInv:      It lets you see invisible.
 M - a +1 demon whip of electrocution
 O - the +8 executioner's axe of Oozing Pus {venom, Str+2 Int+8}
   (Okawaru gifted it to you on level 4 of the Spider Nest)

   It poisons the flesh of those it strikes.
   Str:       It affects your strength (+2).
   Int:       It affects your intelligence (+8).
 Q - a +9 broad axe of holy wrath
 T - the +4 morningstar "Cuxidd Nystro" {venom, Str+4 Dex+3}
   (Okawaru gifted it to you on level 4 of the Lair of Beasts)

   It poisons the flesh of those it strikes.
   Str:       It affects your strength (+4).
   Dex:       It affects your dexterity (+3).
Missiles
 Y - 11 silver boomerangs (quivered)
Armour
 a - the +1 cloak of Starlight {*Dazzle EV+4 Stlth--}
   (You found it in a bailey)

   It may blind those who miss an attack against the wearer in melee combat.
   EV:        It affects your evasion (+4).
   Stlth:     It makes you much less stealthy.
 b - the +15 Maxwell's patent armour {-Cast -Tele rElec Will+ rCorr}
   (Okawaru gifted it to you on level 10 of the Dungeon)

   rElec:     It insulates you from electricity.
   -Cast:     It prevents spellcasting.
   -Tele:     It prevents most forms of teleportation.
   rCorr:     It protects you from acid and corrosion.
   Will:      It increases your willpower.
 c - a +1 buckler of protection (worn)
 g - the +3 pair of boots of Moral Flaws (worn) {Rampage Will+}
   (Okawaru gifted it to you on level 5 of the Lair of Beasts)

   Rampage:   It bestows one free step when moving towards enemies.
   Will:      It increases your willpower.
 p - the +1 cloak of the Pits of Slime (worn) {rCorr}
   (You found it on level 4 of the Dungeon)

   rCorr:     It protects you from acid and corrosion.
 r - the +2 pair of gloves of the Heron (worn) {rPois rF++ Str-2 Stlth+}
   (Okawaru gifted it to you on level 2 of the Orcish Mines)

   Str:       It affects your strength (-2).
   rF:        It greatly protects you from fire.
   rPois:     It protects you from poison.
   Stlth:     It makes you more stealthy.
 u - the +6 scale mail "Elyuc" {+Blink}
   (Okawaru gifted it to you on level 1 of the Spider Nest)

   +Blink:    It lets you blink.
 x - the -2 helmet of Dismin {Fly rF+ Regen+}
   (You bought it in a shop on level 1 of the Elven Halls)

   rF:        It protects you from fire.
   Fly:       It grants you flight.
   Regen:     It increases your rate of health regeneration.
 R - a +2 helmet of intelligence (worn)
 S - a +2 ring mail of willpower (worn)
Jewellery
 d - an amulet of reflection (around neck)
 i - a +6 ring of dexterity (left hand)
 v - the ring of Xodunopn (right hand) {Will+ rCorr Int+4 Dex+3}
   (You took it off a deep elf sorcerer on level 3 of the Elven Halls)

   [ring of resist corrosion]

   Int:       It affects your intelligence (+4).
   Dex:       It affects your dexterity (+3).
   rCorr:     It protects you from acid and corrosion.
   Will:      It increases your willpower.
 y - an amulet of regeneration
 C - a +4 ring of protection
 U - a ring of protection from fire
Wands
 m - a wand of digging (1)
Scrolls
 e - 2 scrolls of blinking
 k - 9 scrolls of butterflies
 n - 9 scrolls of immolation
 q - 13 scrolls of enchant armour
 t - 4 scrolls of magic mapping
 z - a scroll of acquirement
 A - 10 scrolls of teleportation
 B - 10 scrolls of poison
 D - a scroll of fear
 E - 5 scrolls of enchant weapon
 G - 7 scrolls of amnesia
 K - 4 scrolls of silence
 Z - a scroll of torment
Potions
 f - 9 potions of cancellation
 h - 5 potions of magic
 j - 5 potions of mutation
 s - 5 potions of ambrosia
 F - 11 potions of heal wounds
 H - 9 potions of lignification
 I - 3 potions of haste
 J - 6 potions of berserk rage
 L - 6 potions of resistance
 N - 3 potions of attraction
 P - 5 potions of might
 V - 11 potions of curing
Miscellaneous
 w - a piece from Xom's chessboard (15/15)
 W - a condenser vane
 X - a tin of tremorstones (2/2)


   Skills:
 * Level 19.7(24.7) Fighting
 - Level 7.9(17.6) Axes
 + Level 16.7(22.5) Maces & Flails
 + Level 0.7(5.7) Throwing
 + Level 12.7(17.7) Armour
 - Level 8.1(13.1) Dodging
 + Level 7.8(12.8) Stealth
 + Level 19.9(24.9) Shields
 + Level 0.4(5.4) Unarmed Combat
 * Level 16.7 Invocations


You had 20 spell levels left.
You didn't know any spells.
Your spell library contained the following spells:

 Spells                   Type           Power      Damage    Failure   Level
 Apportation              Tloc           0%         N/A       34%         1
 Sandblast                Erth           0%         2d4       34%         1
 Blink                    Tloc           0%         N/A       45%         2
 Ensorcelled Hibernation  Hex/Ice        0%         N/A       45%         2
 Passwall                 Tmut/Erth      0%         N/A       45%         2
 Poisonous Vapours        Pois/Air       0%         N/A       45%         2
 Scorch                   Fire           0%         2d5       45%         2
 Static Discharge         Conj/Air       0%         3-3/arc   45%         2
 Conjure Flame            Conj/Fire      0%         6-21      71%         3
 Ignite Poison            Fire/Tmut/Pois 0%         N/A       71%         3
 Inner Flame              Hex/Fire       0%         N/A       71%         3
 Lesser Beckoning         Tloc           0%         N/A       71%         3
 Ozocubu's Armour         Ice            0%         N/A       71%         3
 Stone Arrow              Conj/Erth      0%         3d7       71%         3
 Cause Fear               Hex            0%         N/A       98%         4
 Corpse Rot               Necr/Pois/Air  0%         N/A       98%         4
 Dispel Undead            Necr           0%         3d6       98%         4
 Flame Wave               Conj/Fire      0%         2d4       98%         4
 Hailstorm                Conj/Ice       0%         3d3       98%         4
 Ice Form                 Ice/Tmut       0%         N/A       98%         4
 Passage of Golubria      Tloc           0%         N/A       98%         4
 Sticky Flame             Conj/Fire      0%         2d3       98%         4
 Blade Hands              Tmut           0%         N/A       100%        5
 Manifold Assault         Tloc           0%         N/A       100%        5
 Yara's Violent Unravell  Hex/Tmut       0%         3d3       100%        5
 Iron Shot                Conj/Erth      0%         9d1       100%        6
 Orb of Destruction       Conj           0%         9d5       100%        7
 Ozocubu's Refrigeration  Ice            0%         4d7       100%        7
 Discord                  Hex            0%         N/A       100%        8
 Chain Lightning          Conj/Air       0%         N/A       100%        9
 Fire Storm               Conj/Fire      0%         5d1       100%        9
 Shatter                  Erth           0%         3d5*      100%        9
 Summon Guardian Golem    Hex/Summ       Unusable   N/A       N/A         3
 Tukima's Dance           Hex            Unusable   N/A       N/A         3
 Animate Armour           Summ/Erth      Unusable   N/A       N/A         4
 Simulacrum               Ice/Necr       Unusable   N/A       N/A         6
 Summon Cactus Giant      Summ           Unusable   N/A       N/A         6
 Spellforged Servitor     Conj/Summ      Unusable   N/A       N/A         7

Dungeon Overview and Level Annotations

Branches:
Dungeon (15/15)            Temple (1/1) D:7            Lair (5/5) D:8
 Shoals (1/4) Lair:2       Spider (4/4) Lair:2        Slime (0/5) Lair:4
    Orc (2/2) D:10            Elf (3/3) Orc:2        Vaults (3/5) D:14
 Depths (0/4) D:15          Sewer (visited)          Bailey (visited)
  Crypt: Vaults:2-3

Altars:
Ashenzari
Cheibriados
Dithmenos
Elyvilon
Fedhas
Gozag
Hepliaklqana
Kikubaaqudgha
Makhleb
Nemelex Xobeh
Okawaru
Qazlal
Ru
Sif Muna
Trog
Uskayaw
Vehumet
Wu Jian
Xom
Yredelemnul
Zin
The Shining One
Jiyva
Lugonu

Shops:
D:4 !   D:8 *   D:11 *   Orc:2 ?(([   Elf:1 **?   Elf:2 (*

Portals:
Abyss: Lair:5

Annotations:
Spider:1 Donald
Vaults:2 Frederick
Vaults:3 Mara, Margery


Innate Abilities, Weirdness & Mutations

You are immune to sickness and miasma.
Your stone body is resilient. (AC +16)
You are immune to poison.
Your large and strong wings let you fly.
You resist negative energy. (rN+)
You are resistant to electric shocks. (rElec)
You are resistant to unholy torment.
You are immune to petrification.
You are weak. (Str -2)
You occasionally lose the ability to drink potions when taking damage.


Message History

You hit karrick's illusion but do no damage.
You block Mara's attack.
Unknown command.
You slice Mara!!
Mara is heavily wounded.
You hit Margery but do no damage. You hit the hell knight.
You miss karrick's illusion.
The hell knight hits you but does no damage.
You block karrick's illusion's attack.
Margery hits you with a +5 vorpal great sword.
* * * LOW HITPOINT WARNING * * *
x2 Mara blinks!
The hell knight invokes the aid of its god against you.
The bolt of fire misses you. Margery gestures at you while chanting.
The bolt of fire hits you. You resist.
* * * LOW HITPOINT WARNING * * *
The hell knight attacks as you move away!
You block the hell knight's attack. The hell knight misses you.
The necromancer gestures wildly while chanting.
The necromancer binds the souls of nearby monsters.
Mara hits you with a +6 demon trident of venom!
* * * LOW HITPOINT WARNING * * *
You closely miss Mara.
Mara is heavily wounded.
You completely miss karrick's illusion. You hit the hell knight.
The necromancer's soul is no longer bound.
The hell knight hits you but does no damage.
You block karrick's illusion's attack.
Unknown command.
Unknown command.
You hit Mara but do no damage.
Mara is heavily wounded.
You slash the hell knight! You miss karrick's illusion.
The hell knight prays to its god.
The hell knight blinks!
You block the hell knight's attack.
Mara hits you with a +6 demon trident of venom!
* * * LOW HITPOINT WARNING * * *
The hell knight hits you with a +4 great mace!
You die...

..#pp...#
#######'#@.p..#
#.....'.).....#
#p####### #.......#
#.pp....# #...p...# #
#...@@..# #. #...p@..#
#.##########'R###..
#...................
###...................
...........#######'###
..........?# ...
#########...# ... #.
#....#...+ ..
#..#....'...#


You could see Margery (soul bound), Mara, 3 hell knights, 2 necromancers and
karrick's illusion.

Vanquished Creatures
  Saint Roka (Orc:2)
  3 deep elf blademasters (Elf:3)
  2 deep elf master archers (Elf:3)
  Asterion (Elf:3)
  Frances (Spider:2)
  3 sphinxes
  7 vault wardens
  5 emperor scorpions
  A frost giant (Vaults:1)
  6 deep elf sorcerers (Elf:3)
  Aizul (Spider:1)
  6 ghost moths
  An orc warlord (Vaults:2)
  A broodmother (Spider:3)
  8 ironbound preservers
  4 ironbound thunderhulks
  8 deep elf elementalists (Elf:3)
  A stone giant (Vaults:1)
  2 deep elf demonologists
  Nessos (Lair:5)
  5 deep elf annihilators
  4 dire elephants (Vaults:1)
  8 entropy weavers
  5 spark wasps
  5 deep elf death magi (Elf:3)
  An ettin (D:15)
  3 fire dragons (Elf:3)
  Josephine (D:15)
  A great orb of eyes (Vaults:1)
  8 deep elf high priests
  9 vault guards
  7 hydras
  8 boulder beetles
  15 centaur warriors
  2 jorogumos
  6 ironbound frosthearts
  3 radroaches
  2 catoblepae
  7 two-headed ogres
  A death knight (D:14)
  36 dancing weapons
  5 death yaks (Lair:5)
  A death scarab (Spider:3)
  2 tengu warriors (D:12)
  3 thrashing horrors (Lair:5)
  5 orc high priests
  A fire crab (shapeshifter) (Elf:3)
  Nergalle (Orc:1)
  A hell knight (Vaults:3)
  18 deep elf knights
  8 pharaoh ants
  3 sun moths
  10 skeletal warriors
  7 steelbarb worms
  13 deep trolls
  A glowing orange brain (shapeshifter) (D:12)
  A glowing orange brain (Vaults:2)
  A sea snake (shapeshifter) (Elf:1)
  10 orb spiders
  An obsidian statue (D:10)
  10 lindwurms (Vaults:1)
  9 ironbound convokers
  3 harpies (Elf:3)
  8 deep elf archers
  32 deep elf zephyrmancers
  2 necromancers
  5 orc knights
  26 ugly things
  11 manticores
  37 deep elf pyromancers
  7 cyclopes
  7 orc sorcerers
  28 wolf spiders
  24 elephants
  3 moths of wrath
  Joseph (Lair:1)
  A guardian serpent (shapeshifter) (D:15)
  5 vault sentinels
  4 black mambas
  A smoke demon (Lair:5)
  A gargoyle (Bailey)
  9 cane toads
  Psyche (D:9)
  5 torpor snails
  3 unseen horrors (Elf:2)
  13 demonic crawlers
  3 kobold demonologists
  16 komodo dragons
  2 yaktaurs
  A komodo dragon (shapeshifter) (Lair:5)
  2 ancient zymes (Lair:5)
  2 tengu conjurers
  A yaktaur (shapeshifter) (D:15)
  5 rime drakes
  A yaktaur skeleton (Vaults:1)
  4 merfolk (Lair:2)
  6 trolls
  4 meliai
  7 hornets
  2 polar bears
  A tengu simulacrum (Vaults:1)
  22 tarantellas
  23 blink frogs
  11 slime creatures
  A stone giant simulacrum (Vaults:1)
  2 dream sheep (Lair:4)
  7 air elementals
  A shadow (D:13)
  30 jumping spiders
  13 culicivoras
  2 spriggans (Lair:5)
  2 ynoxinuls (Lair:5)
  9 water elementals
  2 vampires
  6 wraiths
  2 wyverns
  52 yaks
  A large abomination (Lair:5)
  Grum (D:9)
  A human (shapeshifter) (D:10)
  3 fire elementals
  3 steam dragons
  61 redbacks
  18 vampire mosquitoes
  8 basilisks
  2 chaos spawn (Lair:5)
  4 wargs
  2 acid dragons
  4 hell hounds (Elf:3)
  15 water moccasins
  44 orc warriors
  Pargi (Sewer)
  4 black bears
  2 sky beasts
  6 wolves
  16 ogres
  2 phantoms
  18 centaurs
  2 kobold brigands
  An earth elemental (Elf:1)
  5 bullfrogs
  A necrophage (D:10)
  A gnoll sergeant (D:6)
  6 scorpions
  A glowing shapeshifter simulacrum (Vaults:1)
  7 wights
  2 howler monkeys
  8 wolf zombies (Bailey)
  8 electric eels
  9 vampire bats (Bailey)
  5 centaur zombies (D:10)
  A human zombie (D:10)
  2 hounds
  4 gnoll boudas
  2 jellies
  13 small abominations (Lair:5)
  29 orc priests
  4 iguanas
  29 orc wizards
  A mummy (D:10)
  2 howler monkey zombies (D:10)
  20 gnolls
  4 adders
  2 shadow imps (D:8)
  2 white imps
  4 worms
  2 dart slugs
  110 orcs
  9 ball pythons
  5 bats
  5 endoplasms
  8 giant cockroaches
  8 goblins
  3 hobgoblins
  10 jackals
  4 quokkas
  2 frilled lizards
  17 kobolds
  20 orc zombies (Bailey)
  4 rats
1388 creatures vanquished.

Vanquished Creatures (others)
  A deep elf high priest (Elf:3)
  A deep elf knight (Elf:1)
  2 deep elf zephyrmancers
  A deep elf pyromancer (Elf:1)
  A centaur simulacrum (D:14)
  An orc wizard (Orc:1)
  2 bushes
  44 fungi
  49 plants
102 creatures vanquished.

Grand Total: 1490 creatures vanquished

Notes
Turn   | Place    | Note
-------+----------+-------------------------------------------
     0 | D:1      | karrick the Gargoyle Fighter began the quest for the Orb.
     0 | D:1      | Reached XP level 1. HP: 14/14 MP: 1/1
   623 | D:1      | Found a faded altar of an unknown god.
   637 | D:1      | Reached XP level 2. HP: 19/19 MP: 2/2
  1295 | D:2      | Reached XP level 3. HP: 18/23 MP: 3/3
  2231 | D:3      | Reached XP level 4. HP: 28/28 MP: 4/4
  2269 | D:3      | HP: 1/28 [bat (1)]
  3029 | D:4      | Reached XP level 5. HP: 32/33 MP: 5/5
  3030 | D:4      | Noticed a phantom
  3055 | D:4      | Killed a phantom
  3056 | D:4      | Reached skill level 1 in Dodging
  3058 | D:4      | Reached XP level 6. HP: 24/38 MP: 6/6
  3074 | D:4      | Noticed a black bear
  3111 | D:4      | Killed a black bear
  3116 | D:4      | Identified the +1 cloak of the Pits of Slime {rCorr}
  3133 | D:4      | Found a stormy altar of Qazlal.
  3304 | D:4      | Found a glowing drain.
  3308 | Sewer    | Entered a sewer
  3362 | Sewer    | Noticed Pargi
  3386 | Sewer    | Killed Pargi
  3387 | Sewer    | Reached XP level 7. HP: 42/44 MP: 7/7
  3624 | D:5      | Entered Level 5 of the Dungeon
  3787 | D:5      | Reached skill level 5 in Maces & Flails
  3902 | D:5      | Found a bloodstained altar of Trog.
  3993 | D:6      | Reached skill level 5 in Armour
  4337 | D:5      | Found a hazy altar of Hepliaklqana.
  4338 | D:5      | Found an iron altar of Okawaru.
  4340 | D:5      | Found a hide-covered altar of Uskayaw.
  4343 | D:5      | Found a radiant altar of Vehumet.
  4346 | D:5      | Became a worshipper of Warmaster Okawaru
  4609 | D:5      | Reached XP level 8. HP: 41/48 MP: 8/8
  4676 | D:5      | Reached skill level 5 in Shields
  4782 | D:4      | Found Bost's Distillery.
  4791 | D:4      | Bought a potion of degeneration for 10 gold pieces
  5443 | D:5      | Reached skill level 1 in Stealth
  5596 | D:5      | Reached skill level 5 in Fighting
  5807 | D:6      | Reached * piety under Okawaru
  6448 | D:6      | Reached XP level 9. HP: 51/54 MP: 7/9
  7270 | D:7      | Found a staircase to the Ecumenical Temple.
  7278 | Temple   | Entered the Ecumenical Temple
  8068 | D:7      | Found an ornate altar of the Wu Jian Council.
  8253 | D:8      | Found Arphaesong's Fire Supplies.
  8404 | D:8      | Reached ** piety under Okawaru
  8590 | D:8      | Found a staircase to the Lair.
  8590 | D:8      | Noticed an elephant
  8724 | D:8      | Reached XP level 10. HP: 52/60 MP: 8/10
  8999 | D:8      | Killed an elephant
  8999 | D:8      | Reached *** piety under Okawaru
  9633 | D:9      | Found a blossoming altar of Fedhas.
  9771 | D:9      | Noticed Psyche
  9847 | D:10     | Entered Level 10 of the Dungeon
  9859 | D:9      | HP: 3/61 [centaur (4)]
  9861 | D:9      | HP: 1/61 [Psyche/chain of chaos (4)]
  9898 | D:9      | Killed Psyche
  9899 | D:9      | Reached skill level 10 in Maces & Flails
 10016 | D:9      | Found a flagged portal.
 10128 | Bailey   | Entered a bailey
 10228 | Bailey   | Reached **** piety under Okawaru
 10512 | Bailey   | Received a gift from Okawaru
 11262 | Bailey   | Noticed a gargoyle
 11276 | Bailey   | Killed a gargoyle
 11438 | Bailey   | Found the +1 cloak of Starlight {*Dazzle EV+4 Stlth--}
 11516 | D:9      | Reached XP level 11. HP: 49/68 MP: 8/11
 11683 | D:9      | Found Osto's Mayhem Merchandise.
 11720 | D:9      | Reached skill level 1 in Invocations
 11821 | D:9      | Noticed Grum
 11866 | D:9      | Killed Grum
 12428 | D:10     | Reached ***** piety under Okawaru
 12989 | D:10     | HP: 2/68 [something (14)]
 13471 | D:10     | Found an ancient bone altar of Kikubaaqudgha.
 13670 | D:10     | Reached skill level 5 in Dodging
 13731 | D:10     | Received a gift from Okawaru
 13731 | D:10     | Found the +15 Maxwell's patent armour {-Cast -Tele rElec
                  | Will+ rCorr}
 13984 | D:10     | Noticed an obsidian statue
 14023 | D:10     | Found a staircase to the Orcish Mines.
 14325 | D:10     | Found a shimmering altar of Xom.
 14478 | D:11     | Reached XP level 12. HP: 73/75 MP: 15/15
 14551 | D:11     | Noticed a soul eater
 14661 | D:11     | Found Vainok's General Store.
 14704 | D:11     | Bought a scroll of identify for 32 gold pieces
 14704 | D:11     | Bought a scroll of identify for 32 gold pieces
 14887 | D:11     | Noticed a two-headed ogre
 14900 | D:11     | Killed a two-headed ogre
 14904 | D:11     | Noticed a two-headed ogre
 14911 | D:11     | Killed a two-headed ogre
 14912 | D:11     | Reached skill level 5 in Invocations
 16164 | D:12     | You fall into a shaft and drop 3 floors!
 16164 | D:15     | Entered Level 15 of the Dungeon
 16175 | D:15     | Noticed a centaur warrior
 16185 | D:15     | Killed a centaur warrior
 16672 | D:13     | Noticed a centaur warrior
 16763 | D:13     | Noticed a centaur warrior
 16778 | D:13     | Noticed a centaur warrior
 16791 | D:13     | Killed a centaur warrior
 17372 | Lair:1   | Entered Level 1 of the Lair of Beasts
 17408 | Lair:1   | Noticed Joseph
 17436 | Lair:1   | Reached ****** piety under Okawaru
 17437 | Lair:1   | Reached XP level 13. HP: 58/80 MP: 14/18
 17469 | Lair:2   | Received a gift from Okawaru
 17771 | Lair:2   | Reached skill level 10 in Armour
 18111 | Lair:2   | Found a staircase to the Shoals.
 18125 | Lair:2   | Found a hole to the Spider Nest.
 18878 | Lair:1   | Killed Joseph
 18936 | Lair:1   | Identified the +6 flail "Zoeluone" {pain, rF++ Str+6 SInv}
                  | (Okawaru gifted it to you on level 1 of the Lair of Beasts)
 18936 | Lair:1   | Received a gift from Okawaru
 18985 | Lair:1   | Reached skill level 10 in Fighting
 19309 | Lair:2   | Reached skill level 10 in Shields
 20366 | Lair:3   | Received a gift from Okawaru
 20947 | Lair:4   | Gained mutation: Your large and strong wings let you fly.
                  | [Gargoyle growth]
 20947 | Lair:4   | Reached XP level 14. HP: 49/88 MP: 20/20
 21159 | Lair:4   | Identified the +4 morningstar "Cuxidd Nystro" {venom, Str+4
                  | Dex+3} (Okawaru gifted it to you on level 4 of the Lair of
                  | Beasts)
 21159 | Lair:4   | Received a gift from Okawaru
 21440 | Lair:4   | You are sucked into a shaft and drop 1 floor!
 21440 | Lair:5   | Entered Level 5 of the Lair of Beasts
 21968 | Lair:4   | Identified the +4 morningstar "Fedoost" {vorpal, +Blink
                  | rPois rC+ Will+}
 22006 | Lair:4   | Found a viscous altar of Jiyva.
 22006 | Lair:4   | Found a staircase to the Slime Pits.
 22561 | Lair:5   | Received a gift from Okawaru
 22925 | Lair:5   | Noticed Nessos
 22934 | Lair:5   | Killed Nessos
 22935 | Lair:5   | Reached skill level 10 in Invocations
 23564 | Lair:5   | Identified the +3 pair of boots of Moral Flaws {Rampage
                  | Will+} (Okawaru gifted it to you on level 5 of the Lair of
                  | Beasts)
 23564 | Lair:5   | Received a gift from Okawaru
 23872 | Lair:5   | Reached skill level 1 in Axes
 24009 | Lair:5   | Reached XP level 15. HP: 60/95 MP: 22/22
 24325 | Lair:5   | Found a corrupted altar of Lugonu.
 24325 | Lair:5   | Found a one-way gate to the infinite horrors of the Abyss.
 24732 | Orc:1    | Entered Level 1 of the Orcish Mines
 24946 | Orc:1    | Found a radiant altar of Vehumet.
 25100 | Orc:1    | Noticed Nergalle
 25120 | Orc:1    | Killed Nergalle
 25226 | Orc:2    | Entered Level 2 of the Orcish Mines
 25632 | Orc:2    | Found Zahiekemp's Weapon Shop.
 25757 | Orc:2    | Found Asop Wann's Antique Armour Boutique.
 26249 | Orc:2    | Identified the +2 pair of gloves of the Heron {rPois rF++
                  | Str-2 Stlth+} (Okawaru gifted it to you on level 2 of the
                  | Orcish Mines)
 26249 | Orc:2    | Received a gift from Okawaru
 26632 | Orc:2    | Found a staircase to the Elven Halls.
 26685 | Orc:2    | Reached skill level 5 in Axes
 26860 | Orc:2    | Found Cunobb's Antique Weapon Shoppe.
 27029 | Orc:2    | Noticed Saint Roka
 27638 | Orc:2    | Killed Saint Roka
 27995 | Orc:2    | Found Anutaecih's Magic Scroll Shop.
 28085 | Orc:2    | Bought a scroll of enchant weapon for 97 gold pieces
 28085 | Orc:2    | Bought a scroll of identify for 26 gold pieces
 28085 | Orc:2    | Bought a scroll of identify for 26 gold pieces
 28085 | Orc:2    | Bought a scroll of enchant armour for 97 gold pieces
 28085 | Orc:2    | Bought a scroll of teleportation for 39 gold pieces
 28085 | Orc:2    | Bought a scroll of identify for 26 gold pieces
 28086 | Orc:2    | Identified 2 scrolls of acquirement
 28565 | D:10     | Identified the +6 broad axe of the End of Times {vorpal,
                  | rElec rC++}
 28591 | D:10     | Identified the +1 plate armour of the Loofah {rC+ Int+3}
 29798 | D:13     | Found a sparkling altar of Nemelex Xobeh.
 29826 | D:13     | Reached XP level 16. HP: 92/101 MP: 24/24
 30499 | D:14     | Received a gift from Okawaru
 30614 | D:14     | Found a gate to the Vaults.
 31694 | D:15     | Received a gift from Okawaru
 32404 | D:15     | Noticed Josephine
 32421 | D:15     | Killed Josephine
 32663 | D:15     | Got Sif Muna's Compendium of the Chill and the Jaunt
 32768 | D:15     | Found a staircase to the Depths.
 33260 | Shoals:1 | Entered Level 1 of the Shoals
 33288 | Shoals:1 | Noticed a kraken
 33716 | Spider:1 | Entered Level 1 of the Spider Nest
 33732 | Spider:1 | Reached skill level 15 in Maces & Flails
 34010 | Spider:1 | Noticed Donald
 34831 | Spider:1 | Identified the +1 ring mail of the Poles {Harm rPois Int+2}
 35120 | Spider:1 | Reached XP level 17. HP: 60/109 MP: 26/26
 35357 | Spider:1 | Noticed Aizul
 35388 | Spider:1 | Killed Aizul
 35388 | Spider:1 | Identified the +6 scale mail "Elyuc" {+Blink} (Okawaru
                  | gifted it to you on level 1 of the Spider Nest)
 35388 | Spider:1 | Received a gift from Okawaru
 35389 | Spider:1 | Reached skill level 5 in Stealth
 35576 | Spider:1 | Identified the +9 battleaxe "Beetleslayer" {drain, Str+2}
 35871 | Spider:2 | Reached skill level 15 in Shields
 36129 | Spider:2 | Noticed Frances
 36631 | Spider:2 | Killed Frances
 37531 | Spider:3 | Identified the +1 ring mail of Ennui {Int+2}
 37581 | Spider:3 | Identified the +1 flail of Gravity {vamp, rPois rF+ Str+2}
                  | (Okawaru gifted it to you on level 3 of the Spider Nest)
 37581 | Spider:3 | Received a gift from Okawaru
 38868 | Spider:4 | Entered Level 4 of the Spider Nest
 39662 | Spider:3 | HP: 1/111 [radroach (31)]
 39670 | Spider:3 | Gained mutation: You are weak. (Str -2) [mutagenic glow]
 40011 | Spider:4 | Received a gift from Okawaru
 40220 | Spider:4 | Reached XP level 18. HP: 53/117 MP: 28/28
 42000 | Spider:4 | Identified the +8 executioner's axe of Oozing Pus {venom,
                  | Str+2 Int+8} (Okawaru gifted it to you on level 4 of the
                  | Spider Nest)
 42000 | Spider:4 | Received a gift from Okawaru
 42824 | Spider:4 | Got a gossamer rune of Zot
 43432 | Lair:2   | Acquired a manual of Armour
 43643 | Elf:1    | Entered Level 1 of the Elven Halls
 43685 | Elf:1    | Found a radiant altar of Vehumet.
 43703 | Elf:1    | Paralysed by an air elemental for 1 turns
 43742 | Elf:1    | Reached skill level 15 in Fighting
 43764 | Elf:1    | Found Tezinyn's Assorted Antiques.
 43766 | Elf:1    | Found Akliq's Magic Scroll Emporium.
 43766 | Elf:1    | Found Xyito's General Store.
 43766 | Elf:1    | Paralysed by an air elemental for 1 turns
 43824 | Elf:1    | Found a flickering gateway to a bazaar.
 43834 | Bazaar   | Entered a bazaar
 43936 | Bazaar   | Found Xomis's General Store.
 43947 | Bazaar   | Found Rodghix's Antique Weapon Emporium.
 43999 | Bazaar   | Found Qarphiyst's Distillery.
 44028 | Bazaar   | Found Imeuruka's Weapon Emporium.
 44087 | Bazaar   | Found Tobuodwea's Antique Armour Shoppe.
 44101 | Bazaar   | Bought a scroll of teleportation for 21 gold pieces
 44101 | Bazaar   | Bought a scroll of enchant armour for 52 gold pieces
 44166 | Bazaar   | Bought a potion of heal wounds for 55 gold pieces
 44166 | Bazaar   | Bought a potion of heal wounds for 55 gold pieces
 44317 | Elf:1    | Found an ancient bone altar of Kikubaaqudgha.
 44322 | Elf:1    | Received a gift from Okawaru
 44482 | Elf:1    | Bought a scroll of enchant armour for 127 gold pieces
 44482 | Elf:1    | Bought a potion of heal wounds for 85 gold pieces
 44482 | Elf:1    | Bought a scroll of enchant armour for 127 gold pieces
 44484 | Elf:1    | Bought a scroll of teleportation for 60 gold pieces
 44484 | Elf:1    | Bought a scroll of teleportation for 60 gold pieces
 44489 | Elf:1    | Bought a scintillating pewter ring for 125 gold pieces
 44489 | Elf:1    | Identified the ring "Rias" {rElec rCorr Dex-5 Slay+2} (You
                  | bought it in a shop on level 1 of the Elven Halls)
 44489 | Elf:1    | Bought a scroll of teleportation for 75 gold pieces
 44489 | Elf:1    | Bought a blue potion for 22 gold pieces
 44489 | Elf:1    | Bought a masterwork helmet for 237 gold pieces
 44489 | Elf:1    | Identified the -2 helmet of Dismin {Fly rF+ Regen+} (You
                  | bought it in a shop on level 1 of the Elven Halls)
 44499 | Elf:1    | Bought a scroll of identify for 34 gold pieces
 44801 | Elf:1    | Paralysed by an air elemental for 1 turns
 45574 | Elf:2    | Received a gift from Okawaru
 45752 | Elf:2    | Found Jaacyt's Weapon Shoppe.
 45810 | Elf:2    | Paralysed by an air elemental for 1 turns
 45910 | Elf:2    | Identified the -1 hat of Rotation {rCorr} (Okawaru gifted
                  | it to you on level 2 of the Elven Halls)
 45910 | Elf:2    | Received a gift from Okawaru
 46018 | Elf:2    | Paralysed by an air elemental for 1 turns
 46023 | Elf:2    | Paralysed by an air elemental for 1 turns
 46117 | Elf:2    | Reached XP level 19. HP: 88/125 MP: 30/30
 46524 | Elf:2    | Found a runed translucent gate.
 46524 | Elf:2    | Found a runed translucent gate.
 46525 | Elf:2    | Found a runed translucent gate.
 46711 | Elf:2    | Found Cirunif's Commerce Corner.
 46981 | Elf:2    | Reached skill level 15 in Invocations
 47714 | Elf:2    | Identified the +6 long sword "Mooc" {freeze, rF++ Str+3
                  | Int-5 Stlth+}
 47742 | Elf:3    | Entered Level 3 of the Elven Halls
 47926 | Elf:3    | Received a gift from Okawaru
 48019 | Elf:3    | Paralysed by an air elemental for 1 turns
 48237 | Elf:3    | Identified the +1 ring mail of Crawling {rC+} (Okawaru
                  | gifted it to you on level 3 of the Elven Halls)
 48237 | Elf:3    | Received a gift from Okawaru
 48941 | Elf:3    | Noticed Asterion
 48945 | Elf:3    | Gained mutation: You occasionally lose the ability to drink
                  | potions when taking damage. [a cacodemon]
 49156 | Elf:3    | Killed Asterion
 49739 | Elf:3    | Identified the +4 great sword "Ofogrip" {vamp, +Blink rC-
                  | rN+ Dex+4}
 49739 | Elf:3    | Identified the +2 robe "Coqibbae" {rF+ Will+}
 49739 | Elf:3    | Identified the ring of Xodunopn {Will+ rCorr Int+4 Dex+3}
 49834 | Elf:3    | Reached XP level 20. HP: 100/136 MP: 29/31
 49901 | Elf:3    | Identified the +9 trident "Bycuasidorph" {antimagic, Drain
                  | Fly rElec}
 50161 | Elf:3    | Identified the +4 morningstar "Zash" {vorpal, rN+ Stlth+}
                  | (Okawaru gifted it to you on level 3 of the Elven Halls)
 50161 | Elf:3    | Received a gift from Okawaru
 50286 | Elf:3    | Identified the +1 leather armour of the Sacrificial Victim
                  | {rC+ rN++}
 50376 | Elf:3    | Identified the +8 long sword of Experimentation {elec,
                  | Int-5 Dex+3 SInv}
 51021 | Elf:3    | Identified the +1 robe of the Desert {+Inv rElec Str+4
                  | Stlth-}
 51167 | Elf:3    | Found the +6 arbalest "Damnation" {damnation}
 51219 | Elf:3    | Identified the +0 scale mail of the Cockroach {Str-2 Dex+9}
 51238 | Elf:3    | Identified the +1 quarterstaff of a Million Brambles
                  | {vorpal, rElec rPois rC- Str+3}
 51937 | Vaults:1 | Entered Level 1 of the Vaults
 52223 | Vaults:1 | Received a gift from Okawaru
 53970 | Vaults:1 | Identified the +4 crystal plate armour of the Ant {-Tele
                  | rC+++ Will- MP+9} (Okawaru gifted it to you on level 1 of
                  | the Vaults)
 53970 | Vaults:1 | Received a gift from Okawaru
 54572 | Vaults:2 | Reached XP level 21. HP: 144/144 MP: 33/33
 55262 | Vaults:2 | Noticed Frederick
 55359 | Vaults:3 | Noticed Mara
 55394 | Vaults:3 | Noticed karrick's illusion
 55734 | Vaults:3 | Noticed karrick's illusion
 55764 | Vaults:3 | Noticed Margery
 55783 | Vaults:3 | Slain by a hell knight

Illustrated notes

Levels and vault maps discovered:
D:1:      ncdulo_watergridlock, layout_basic,
          shapermc_ecumenical_altar_flowoftime, hangedman_decor_points,
          st_stairs_4, amcnicky_mini_pool_small, nrook_loot_triangle,
          corner_web_ring, kennysheep_flooded_box
D:2:      layout_basic
D:3:      layout_loops_ring
D:4:      layout_loops_ring, nicolae_qazlal_eye_of_the_storm,
          gup_sewer_entry_spiral, serial_shops, shop_statue, serial_park_tiny_2
D:5:      layout_gridville, minitemple, dk_noncrumbling_3,
          minmay_manual_mandibuliform
D:6:      layout_basic
D:7:      layout_basic, nzn_wu_jian_council_hall, minmay_temple_entry_ruins,
          minmay_hedge_maze
D:8:      layout_loops_ring, david_lair_generic, st_stairs_10,
          nicolae_shop_fire_sale [nicolae_sub_dead_trees]
D:9:      layout_roguey, fedhas_altar_4, enter_bailey_3, serial_glass,
          glass_columns_c, glass_columns_b, chequers_serial_rivers_marsh,
          minmay_shop_mayhem, uniq_grum, uniq_psyche
D:10:     wad_river_or_something, layout_basic,
          lemuel_mausoleum_altar_kikubaaqudgha, xom_butterflies,
          hiddenorc1_lemuel, minmay_protected_statue
D:11:     layout_irregular_city, serial_shops, nicolae_shop_waterfront,
          kennysheep_pointless_box, palyth_stone_intersect
D:12:     layout_roguey, lemuel_another_geyser
D:13:     layout_stronghold, nemelex_diamond_rough_becter
D:14:     layout_rooms, lightli_vaults_fourway_checkpoint,
          serial_bayou_lagoon_a, amcnicky_mini_corridor_feature
D:15:     hangedman_depths_entry_civil_slaughter, layout_loops_corners,
          uniq_josephine
Temple:   chequers_temple_sunken
Lair:1:   layout_chaotic_city, beast_lair_carwin_5, serial_bayou_shore_a,
          infiniplex_staircase_pool_2, lemuel_fruit_tree, uniq_joseph
Lair:2:   layout_cave_pods, elwin_shoals_entry_stream, dummy_spider_entry,
          chequers_serial_rivers_micro_c, grunt_megastairs_5
Lair:3:   layout_chaotic_city, grunt_megastairs_1
Lair:4:   layout_misc_corridors, dpeg_slime_entry_enclosed
Lair:5:   hellmonk_lair_end_abyssal_woods, layout_misc_corridors, uniq_nessos
Shoals:1: layout_shoals, nicolae_shoals_water_shrine
Spider:1: layout_spider_delve, einodemon_crawler_minivault, uniq_donald,
          uniq_aizul
Spider:2: layout_spider_delve, uniq_frances
Spider:3: layout_spider_delve
Spider:4: spider_rune_water, nicolae_spider_some_kinda_spiderbox
Orc:1:    layout_caves, basic_altar, uniq_nergalle
Orc:2:    pubby_orc_utopia
Elf:1:    eino_elf_arrival_altar, layout_geoelf_octagon, serial_shops,
          bzr_firewalk, basic_altar, hangedman_elven_crosses_minicolossus,
          nicolae_wooded_promenade
Elf:2:    nicolae_elf_blades_splatter_lattice
          [nicolae_blade_entry_crossed_weapons], layout_geoelf_octagon,
          serial_shops, nicolae_shop_stone, nicolae_alphabet_shops,
          due_unseen_surprise
Elf:3:    minmay_elf_hall_hex, layout_geoelf_castle, special_room
          [special_room_mythical_zoo], uniq_asterion
Vaults:1: vaults_room_pools, hangedman_vaults_slither,
          nicolae_vaults_little_squares_4, grunt_vaults_trifunnel,
          st_spiral_rooms, vaults_room_fours, vaults_room_boxed,
          nicolae_vaults_little_ls, dpeg_vaults_monster_row,
          layout_vaults_maze_snakey
Vaults:2: minmay_crypt_entry_necro_gods, grunt_vaults_twisty,
          grunt_vaults_bifocal, v_rooms_1, hangedman_vaults_stretched_pinwheel,
          nicolae_vaults_an_arrangement, v_pattern_1, vaults_room_door_ring,
          v_misc_30, vaults_room_door_hall, vaults_dpeg_encased_lava,
          layout_vaults_omnicross, uniq_frederick
Vaults:3: ontoclasm_vaults_bender, vaults_room_fancy_cross, vaults_dpeg_hooks,
          ontoclasm_vaults_ring_small, nicolae_vaults_little_squares_1,
          v_rooms_4, nicolae_vaults_big_ls, v_alt_pattern_3,
          nicolae_vaults_asterisk, v_misc_3,
          vaults_standard_mumra_enter_the_diamond,
          vaults_standard_mumra_enter_the_diamond, vaults_mumra_lcd,
          layout_vaults_chaotic_city, serial_shops,
          nicolae_shop_advertising_works [nicolae_subvault_shop_adworks], shop,
          nicolae_shop_temple_entry_statues_fountains,
          nicolae_shop_hallway_stairs, nicolae_shop_waterfront, uniq_mennas,
          uniq_mara, uniq_margery, uniq_nikola

Skill      XL: |  1  2  3  4  5  6  7  8  9 10 11 12 13 14 15 16 17 18 19 20 |
---------------+-------------------------------------------------------------+-----
Armour         | 4 5 6 7 8 9 10 11 12 | 12.7
Fighting       | 4 5 6 7 8 9 10 11 12 13 14 15 17 19 | 19.7
Maces & Flails | 3 4 5 6 9 10 11 12 14 15 16 | 16.7
Dodging        | 1 2 3 4 5 6 7 8 |  8.1
Shields        | 4 5 6 7 8 9 10 12 13 14 16 17 18 19 | 19.9
Stealth        | 1 2 3 4 5 6 7 |  7.8
Invocations    | 4 7 8 10 11 13 14 15 16 | 16.7
Axes           | 1 6 7 |  7.9
Throwing       | |  0.7
Unarmed Combat | |  0.4

Action                   |  1- 3 |  4- 6 |  7- 9 | 10-12 | 13-15 | 16-18 | 19-21 || total
-------------------------+-------+-------+-------+-------+-------+-------+-------++-------
Melee: Flail             |    99 |       |       |    20 |  1023 |  1517 |   545 ||  3204
       Mace              |     2 |   181 |   489 |  1012 |       |       |       ||  1684
       Unarmed           |       |       |       |    18 |       |       |       ||    18
       Hand axe          |       |       |       |     7 |       |       |       ||     7
       Morningstar       |       |       |       |   256 |   248 |       |       ||   504
       Broad axe         |       |       |       |       |   478 |   905 |   868 ||  2251
Throw: Boomerang         |       |       |       |       |       |     6 |     8 ||    14
Invok: Heroism           |       |       |     2 |    12 |     8 |    27 |    19 ||    68
       Finesse           |       |       |       |       |     1 |     1 |     1 ||     3
Evoke: Wand              |       |       |       |     1 |     1 |       |     1 ||     3
  Use: Potion            |       |     3 |       |     5 |     1 |     5 |     1 ||    15
       Scroll            |       |       |       |    20 |     9 |    18 |     6 ||    53
 Stab: Distracted        |       |       |     1 |       |     4 |     9 |     4 ||    18
       Sleeping          |       |       |       |     4 |    14 |    24 |    19 ||    61
Armor: Scale mail        |    60 |   175 |   283 |   379 |       |       |       ||   897
       Skin              |       |       |       |     8 |       |       |       ||     8
       Ring mail         |       |       |       |   287 |   520 |  1231 |   611 ||  2649
Dodge: Dodged            |    59 |   111 |   204 |   649 |   692 |  1340 |   631 ||  3686
Block: Buckler           |    22 |    66 |   126 |   350 |    83 |  1906 |  1020 ||  3573
       Kite shield       |       |       |       |   142 |  1365 |       |       ||  1507
       Reflection        |       |       |       |       |    18 |    25 |    38 ||    81
